 Dungeon Crawl Stone Soup version 0.18.1-48-g4cf74bf (webtiles) character file.

209 djnw the Caller (level 5, -9/35 HPs)
             Began as a Mummy Summoner on Aug 22, 2016.
             Killed from afar by Sigmund (13 damage)
             ... with a puff of flame
             ... on level 3 of the Dungeon.
             The game lasted 00:13:25 (1592 turns).

djnw the Caller (Mummy Summoner)                    Turns: 1592, Time: 00:13:26

Health: -9/35      AC:  3    Str: 12    XL:     5   Next: 55%
Magic:  3/11       EV: 12    Int: 15    God:
Gold:   48         SH:  0    Dex: 12    Spells: 3 memorised, 6 levels left

rFire  x . .     SeeInvis .     d - +1 spear (freeze)
rCold  + . .     Gourm    .     a - +1 robe
rNeg   + + +     Faith    .     (no shield)
rPois  ∞         Spirit   .     (no helmet)
rElec  .         Dismiss  .     (no cloak)
rCorr  .         Reflect  .     (no gloves)
SustAt .         Harm     .     (no boots)
MR     .....                    (no amulet)
Stlth  ++........               (no ring)
                                (no ring)

@: not resistant to hostile enchantments, unstealthy
A: no food or potions, fire vulnerability, cold resistance 1, negative energy
resistance 3, torment resistance, unbreathing
a: no special abilities


You were on level 3 of the Dungeon.
You were not hungry.

You visited 1 branch of the dungeon, and saw 3 of its levels.

You collected 48 gold pieces.

Inventory:

Hand Weapons
 d - a +1 spear of freezing (weapon)
 e - a +1 vampiric short sword
Armour
 a - a +1 robe (worn)
Wands
 f - a wand of flame (37/48)
Scrolls
 c - 2 scrolls of teleportation
Books
 b - a book of Callings

   Spells                             Type                      Level
   a - Summon Small Mammal            Summoning                    1
   b - Call Imp                       Summoning                    2
   c - Call Canine Familiar           Summoning                    3
   d - Summon Guardian Golem          Hexes/Summoning              3
   e - Summon Lightning Spire         Summoning/Air                4
   f - Summon Ice Beast               Ice/Summoning                4


   Skills:
 - Level 1.5 Dodging
 - Level 1.5 Stealth
 + Level 4.1 Spellcasting
 + Level 4.6 Summonings


You had 6 spell levels left.
You knew the following spells:

 Your Spells              Type           Power        Failure   Level  Hunger
a - Summon Small Mammal   Summ           ###.         2%          1    N/A
b - Call Imp              Summ           ###.....     4%          2    N/A
c - Call Canine Familiar  Summ           ###.....     10%         3    N/A

Dungeon Overview and Level Annotations

Branches:
Dungeon (3/15)

Altars:

Annotations:
D:3 Sigmund


Innate Abilities, Weirdness & Mutations

You do not eat or drink.
Your flesh is vulnerable to fire.
You are immune to poison.
Your flesh is cold resistant.
You are immune to negative energy.
You are immune to unholy pain and torment.
You can survive without breathing.


Message History

Confirm with . or Enter, or press ? or * to list all spells.
Okay, then.
A two-headed ogre is nearby!
Unknown command.
Evoke which item? (* to show all) (? for menu, Esc to quit)
Zapping:
f - a wand of flame {recharged} (will waste charges)
Press: ? - help, Shift-Dir - straight line, f/p - two-headed ogre
Aim: a two-headed ogre, wielding two giant clubs (almost dead)
The puff of flame hits the two-headed ogre.
You kill the two-headed ogre!
Your Spellcasting skill increases to level 4!
You have reached level 5!
You feel stronger.
Evoking this partially-identified wand wasted a few charges.
Things that are here:
a giant club x2
Sigmund the Dreaded comes into view.
He is wielding an enchanted scythe.
Sigmund casts a spell at you. The puff of flame hits you!
The fire burns you terribly!
You die...

....#...###.........#.#
....................#..
....##.###............
. #.###............
#....#.##.##.....
####...##.# ..... .##
##.....# .[...
....@###.##..# ....
#.....@.# .....
##.......!.....
##...........
.......#####.
...##..... .. ..##..# .
.## ##.. .. ##.


You could see Sigmund.

Vanquished Creatures
  A two-headed ogre (D:3)
  2 adders (D:2)
  A giant gecko (D:1)
  A ball python (D:1)
  5 giant cockroaches
  3 goblins
  4 hobgoblins
  3 kobolds
  A quokka (D:2)
  5 bats
  2 giant newts
  2 fungi (D:1)
30 creatures vanquished.

Vanquished Creatures (collateral kills)
  Jessica (D:2)
  A dart slug (D:1)
  A giant cockroach (D:1)
  2 hobgoblins (D:1)
  2 kobolds (D:1)
  A giant newt (D:1)
  2 goblins
10 creatures vanquished.

Grand Total: 40 creatures vanquished

Notes
Turn   | Place    | Note
--------------------------------------------------------------
     0 | D:1      | djnw the Mummy Summoner began the quest for the Orb.
     0 | D:1      | Reached XP level 1. HP: 13/13 MP: 3/3
   357 | D:1      | Reached XP level 2. HP: 9/19 MP: 5/5
   361 | D:1      | Learned a level 2 spell: Call Imp
   955 | D:2      | Reached XP level 3. HP: 23/24 MP: 1/7
  1146 | D:2      | Noticed Jessica
  1152 | D:2      | Killed Jessica
  1163 | D:2      | Learned a level 3 spell: Call Canine Familiar
  1472 | D:2      | Reached XP level 4. HP: 28/30 MP: 8/8
  1545 | D:3      | Noticed a two-headed ogre
  1563 | D:3      | HP: 1/30 [two-headed ogre/giant club (13)]
  1576 | D:3      | Killed a two-headed ogre
  1576 | D:3      | Reached XP level 5. HP: 2/35 MP: 1/11
  1592 | D:3      | Noticed Sigmund
  1592 | D:3      | Killed from afar by Sigmund

Skill      XL: |  1  2  3  4 |
---------------+-------------+-----
Spellcasting   | 3 4 |  4.1
Summonings     | 4 |  4.6
Dodging        | |  1.5
Stealth        | |  1.5

Action                   |  1- 3 |  4- 6 || total
-------------------------+-------+-------++-------
Melee: Spear             |   108 |     4 ||   112
 Cast: Summon Small Mamm |     7 |     3 ||    10
       Call Imp          |    12 |     2 ||    14
       Call Canine Famil |       |     1 ||     1
Evoke: Wand              |       |     1 ||     1
  Use: Scroll            |     9 |       ||     9
 Stab: Sleeping          |     1 |       ||     1
Armor: Robe              |    23 |       ||    23
Dodge: Dodged            |    45 |     4 ||    49
